 Dungeon Crawl Stone Soup version 0.31.0-10-gcf4a605ca0 (webtiles) character file.

Game seed: 11324360561007708214

8548 browni3141 the Thaumaturge (level 11, -2/86 HPs)
             Began as a Mummy Alchemist on Jan 26, 2024.
             Was a High Priest of Ashenzari.
             Incinerated by a bombardier beetle (5 damage)
             ... with a burning spray
             ... on level 7 of the Dungeon.
             The game lasted 00:40:11 (8742 turns).

browni3141 the Thaumaturge (Mummy Alchemist)        Turns: 8742, Time: 00:40:11

Health: -2/86      AC:  7    Str: 12    XL:     11   Next: 11%
Magic:  10/27      EV: 14    Int: 24    God:    Ashenzari [*****.]
Gold:   311        SH:  5    Dex: 13    Spells: 12/34 levels left

rFire   . . .        e - +1 short sword of Ashenzari's Repose {venom, Self, Comp} (curse)
rCold   + + +        H - +0 buckler "Suspicion of Ashenzari" {reflect, Melee, Fort} (curse)
rNeg    + + +        W - +2 robe "Restrained Together" {rC+ rF+, Elem, Self} (curse)
rPois   ∞            (no helmet)
rElec   .            Y - +1 cloak "Ruined Together" {Bglg, Comp} (curse)
rCorr   .            B - +0 pair of gloves "Share My Doubts" {Melee, Elem} (curse)
SInv    +            (no boots)
Will    +....        b - amulet "Overhang to Understand" {RegenMP, Sorc, Cun} (curse)
Stlth   +            j - ring of Ashenzari's Dismay {Int+6, Bglg, Dev} (curse)
HPRegen 0.34/turn    X - ring of the Eternal Black Moon {rC+, Elem, Range} (curse)
MPRegen 0.60/turn

%: reflection, clarity, faith
@: on fire, spiked, glowing
A: cold resistance 1, negative energy resistance 3, torment resistance 2, heat
vulnerability 1, in touch with death 1, no potions, faith
a: Renounce Religion, Curse Item, Shatter the Chains


You were on level 7 of the Dungeon.
You worshipped Ashenzari.
Ashenzari was extremely pleased with you.
You visited 2 branches of the dungeon, and saw 10 of its levels.
You also visited: Sewer.

You collected 677 gold pieces.
You spent 366 gold pieces at shops.

Inventory:

Hand Weapons
 e - the cursed +1 short sword of Ashenzari's Repose (weapon) {venom, Self, Comp}
   (You took it off a kobold on level 1 of the Dungeon)

   It has a curse which improves the following skills: Introspection: Fighting
   and Spellcasting.
   Companions: Summonings and Necromancy.
 R - a +0 whip
Missiles
 y - 25 poisoned darts
 J - 2 silver javelins
 Q - 6 javelins
 T - 2 boomerangs
 Z - 4 throwing nets
Armour
 a - a +0 robe
 h - a +0 ring mail
 x - a +1 cloak of preservation
 B - the cursed +0 pair of gloves "Share My Doubts" (worn) {Melee, Elem}
   (You found it on level 8 of the Dungeon)

   It has a curse which improves the following skills: Melee Combat: Short
   Blades, Long Blades, Axes, Maces & Flails, Polearms, Staves and Unarmed
   Combat.
   Elements:  Fire Magic, Ice Magic, Air Magic and Earth Magic.
 D - a +0 troll leather armour
 E - +0 acid dragon scales
 H - the cursed +0 buckler "Suspicion of Ashenzari" (worn) {reflect, Melee, Fort}
   (You bought it in a shop on level 5 of the Dungeon)

   It has a curse which improves the following skills: Melee Combat: Short
   Blades, Long Blades, Axes, Maces & Flails, Polearms, Staves and Unarmed
   Combat.
   Fortitude: Armour and Shields.
 I - a +0 cloak
 W - the cursed +2 robe "Restrained Together" (worn) {rC+ rF+, Elem, Self}
   (You bought it in a shop on level 2 of the Dungeon)

   It has a curse which improves the following skills: Elements: Fire Magic, Ice
   Magic, Air Magic and Earth Magic.
   Introspection: Fighting and Spellcasting.
 Y - the cursed +1 cloak "Ruined Together" (worn) {Bglg, Comp}
   (You bought it in a shop on level 2 of the Dungeon)

   It has a curse which improves the following skills: Beguiling: Hexes and
   Translocations.
   Companions: Summonings and Necromancy.
Jewellery
 b - the cursed amulet "Overhang to Understand" (around neck) {RegenMP, Sorc, Cun}
   (You found it on level 1 of the Dungeon)

   [amulet of magic regeneration]

   RegenMP:   It increases your rate of magic regeneration.
   It has a curse which improves the following skills: Sorcery: Conjurations and
   Alchemy.
   Cunning:   Dodging and Stealth.
 j - the cursed ring of Ashenzari's Dismay (left hand) {Int+6, Bglg, Dev}
   (You found it on level 2 of the Dungeon)

   [ring of intelligence]

   Int+6:     It affects your intelligence (+6).
   It has a curse which improves the following skills: Beguiling: Hexes and
   Translocations.
   Devices:   Evocations.
 z - an amulet of guardian spirit
 X - the cursed ring of the Eternal Black Moon (right hand) {rC+, Elem, Range}
   (You found it on level 3 of the Dungeon)

   [ring of protection from cold]

   rC+:       It protects you from cold.
   It has a curse which improves the following skills: Elements: Fire Magic, Ice
   Magic, Air Magic and Earth Magic.
   Ranged Combat: Ranged Weapons and Throwing.
Wands
 A - a wand of acid (4)
 O - a wand of mindburst (8)
 P - a wand of paralysis (8)
 V - a wand of flame (12)
Scrolls
 c - 2 scrolls of revelation
 d - 6 scrolls of blinking
 f - a scroll of torment
 g - 2 scrolls of amnesia
 l - a scroll of enchant armour
 w - a scroll of brand weapon
 C - a scroll of vulnerability
 F - 2 scrolls of fog
 K - 2 scrolls of teleportation
 L - a scroll of poison
 M - a scroll of silence
 N - a scroll of fear
 S - a scroll of noise
 U - 2 scrolls of immolation


   Skills:
 - Level 4.9(8.0) Fighting
 - Level 3.3(6.1) Short Blades
 * Level 3.2(5.1) Armour
 * Level 4.1(6.1) Dodging
 * Level 3.6(5.5) Stealth
 * Level 3.3(5.2) Shields
 * Level 8.8(12.0) Spellcasting
 - Level 2.4(4.2) Conjurations
 * Level 0.8(2.4) Summonings
 - Level 2.1(5.1) Fire Magic
 - Level 2.0(5.0) Air Magic
 - Level 8.3(10.5) Alchemy
 - Level 3.2(5.1) Evocations


You had 12 spell levels left.
You knew the following spells:

 Your Spells              Type           Power      Damage    Failure   Level
a - Sting                 Conj/Alch      100%       1d9       1%          1
b - Mercury Vapours       Alch/Air       100%       N/A       1%          2
c - Olgreb's Toxic Radia  Alch           60%        N/A       1%          4
d - Sticky Flame          Fire/Alch      51%        2d9       2%          4
e - Summon Blazeheart Go  Fire/Summ      32%        N/A       12%         4
m - Mephitic Cloud        Conj/Alch/Air  46%        N/A       1%          3
p - Fulminant Prism       Conj/Alch      24%        3d12      2%          4

Your spell library contained the following spells:

 Spells                   Type           Power      Damage    Failure   Level
 Magic Dart               Conj           100%       1d8       1%          1
 Searing Ray              Conj           68%        2d6       1%          2
 Ensorcelled Hibernation  Hex/Ice        32%        N/A       7%          2
 Ozocubu's Armour         Ice            17%        N/A       13%         3
 Fugue of the Fallen      Necr           24%        N/A       14%         3
 Freezing Cloud           Conj/Ice/Air   15%        6-21      38%         5
 Anguish                  Hex/Necr       12%        N/A       43%         4
 Sculpt Simulacrum        Ice/Alch       20%        N/A       65%         6
 Metabolic Englaciation   Hex/Ice        8%         N/A       77%         5
 Conjure Ball Lightning   Conj/Air       18%        3x3d6     78%         6
 Orb of Destruction       Conj           17%        9d7       100%        7
 Spellforged Servitor     Conj/Summ      15%        N/A       100%        7
 Discord                  Hex            8%         N/A       100%        8
 Disjunction              Tloc           8%         N/A       100%        8


Dungeon Overview and Level Annotations

Branches:
Dungeon (9/15)             Temple (1/1) D:5           Sewer (visited)
   Lair: D:8-11         Orc: D:9-12

Altars:
Ashenzari
Cheibriados
Dithmenos
Fedhas
Gozag
Hepliaklqana
Kikubaaqudgha
Makhleb
Nemelex Xobeh
Okawaru
Qazlal
Ru
Sif Muna
Trog
Uskayaw
Vehumet
Wu Jian
Xom
Yredelemnul

Shops:
D:2 [   D:5 *

Annotations:
D:7 1 exclusion


Innate Abilities, Weirdness & Mutations

You are immune to poison.
Your flesh is cold resistant. (rC+)
You are immune to negative energy. (rN+++)
You are immune to unholy pain and torment.
You are vulnerable to heat. (rF-)
You are in touch with the powers of death.
You do not drink.
You have a special connection with the divine. (Faith)


Message History

You see here a +0 dagger.
You pick up a book of Chaos and begin reading...
You add the spells Conjure Ball Lightning, Disjunction and Discord to your library.
A hound comes into view.
A hound is nearby!
A hound is nearby!
A bombardier beetle comes into view.
You hit the hound.
The hound is poisoned.
The hound is moderately wounded.
The hound barely misses you.
You hit the hound.
The hound looks as sick as possible!
The hound is severely wounded.
The hound bites you but does no damage.
You hit the hound.
The hound is almost dead.
The hound barely misses you.
You miss the hound.
The hound is almost dead.
You kill the hound!
The bombardier beetle sprays incendiary fluid at you.
The burning spray hits you.
You are covered in liquid fire!
You see here a hound corpse.
You shake off some of the fire as you move.
The liquid fire burns you!
A manticore comes into view.
You block the bombardier beetle's attack.
You hit the bombardier beetle but do no damage.
The bombardier beetle is poisoned.
The liquid fire burns you!
You closely miss the bombardier beetle.
The bombardier beetle is lightly wounded.
The liquid fire burns you!
The bombardier beetle sprays incendiary fluid at you.
The burning spray hits you.
You are even more covered in liquid fire!
You barely miss the bombardier beetle.
The bombardier beetle is lightly wounded.
The liquid fire burns you!
You hit the bombardier beetle.
The bombardier beetle looks as sick as possible!
The bombardier beetle is severely wounded.
The liquid fire burns you!
You kill the bombardier beetle!
The manticore flicks its tail.
The volley of spikes skewers you.
The barbed spikes become lodged in your body.
Casting: Sticky Flame (dangerous; 2% risk of failure)
Confirm with . or Enter, or press ? or * to list all spells.
You begin to radiate toxic energy.
The manticore is poisoned.
The liquid fire burns you!
The manticore looks even sicker.
The manticore flicks its tail.
The volley of spikes skewers you!
The barbed spikes become lodged in your body.
You hear a shout!
As you read the scroll of fear, it crumbles to dust.
You assume a fearsome visage.
The manticore looks frightened!
The liquid fire burns you!
* * * LOW HITPOINT WARNING * * *
Your attack snaps the manticore out of its fear.
The manticore looks even sicker.
Your toxic aura wanes.
As you read the scroll of summoning, it crumbles to dust.
Wisps of shadow whirl around you... The liquid fire burns you!
* * * LOW HITPOINT WARNING * * *
The manticore bites you!
* * * LOW HITPOINT WARNING * * *
The manticore claws you.
* * * LOW HITPOINT WARNING * * *
The manticore closely misses you.
You swap places.
The barbed spikes dig painfully into your body as you move.
* * * LOW HITPOINT WARNING * * *
You shake off some of the fire as you move.
The liquid fire burns you!
* * * LOW HITPOINT WARNING * * *
The manticore flicks its tail.
The volley of spikes skewers your sleepcap!
Your hornet stings the manticore!
The manticore seems to slow down.
Your sleepcap releases spores at the manticore but does no damage.
You see here a hound corpse.
You swap places.
The barbed spikes dig painfully into your body as you move.
* * * LOW HITPOINT WARNING * * *
You shake off some of the fire as you move.
The liquid fire burns you!
* * * LOW HITPOINT WARNING * * *
Your hornet stings the manticore!
The manticore seems to slow down.
The manticore flicks its tail.
The volley of spikes skewers your sleepcap!
Your sleepcap is destroyed!
Your sleepcap dissolves into shadows!
Your hornet stings the manticore.
The manticore seems to slow down.
The barbed spikes dig painfully into your body as you move.
* * * LOW HITPOINT WARNING * * *
You shake off some of the fire as you move.
The liquid fire burns you!
You die...

, ****#......#********.## ,
#......### *#..###
,******#........#***##.....#
,,,,,,,.......#..,,,,......#
*,*****#...!....#****......##***
*,* #.##...#.# *.......,,,* *,*
#.#*#..#.#####.......**,* *,*
#)###..†).....##.#*****,* *,*
#.##)†###@###....# *,*
#.######....##∆#.#∆##..)#*****,*
..#......).##,,#†#,,##.........*
..#.########,,{#5#∆,,########..*
..#.#,,*,,*∆,,,#H#,,,∆*{,,,,*,,*
..#.#,,,,,*****.y.*****,,∆*,*,,,
.##.#*,∆,*,,,,..#..,,,,,***{*,,*
.##.#,,,,,***##...##***,,*,,*,,,
.##.#,,*.,*∆,,.#.#?,,∆*,,,,,*,,,


You could see a manticore (very poisoned, slow, ally target), a friendly hornet
(summoned) and a friendly shadow imp (summoned).

Vanquished Creatures
  Erica (D:9)
  2 two-headed ogres
  Maurice (D:7)
  An unseen horror (D:9)
  5 trolls
  A hornet (D:8)
  Sigmund (D:5)
  3 yaks (D:9)
  An acid dragon (D:7)
  4 water moccasins
  2 ice beasts
  An orc warrior (D:8)
  5 sky beasts
  4 ogres
  2 centaurs
  A brain worm (Sewer)
  5 bullfrogs
  2 kobold brigands (D:7)
  3 gnoll sergeants
  A wyvern zombie (D:7)
  2 scorpions
  4 wights (D:7)
  5 killer bees
  2 howler monkeys
  An electric eel (D:8)
  A lava snake (D:8)
  4 jellies
  A centaur zombie (D:7)
  A bombardier beetle (D:7)
  Crazy Yiuf (D:6)
  3 orc priests
  5 hounds
  2 iguanas (D:7)
  2 gnoll boudas
  3 orc wizards
  A killer bee zombie (D:7)
  A howler monkey zombie (D:7)
  29 gnolls
  5 adders
  2 shadow imps
  A ribbon worm (D:4)
  2 dart slugs
  12 orcs
  7 ball pythons
  4 endoplasms
  5 giant cockroaches
  5 goblins
  6 hobgoblins
  2 jackals (D:1)
  2 quokkas
  7 bats
  5 frilled lizards
  10 kobolds
  11 rats
200 creatures vanquished.

Vanquished Creatures (others)
  16 fulminant prisms
16 creatures vanquished.

Grand Total: 216 creatures vanquished

Notes
Turn   | Place    | Note
-------+----------+-------------------------------------------
     0 | D:1      | browni3141 the Mummy Alchemist began the quest for the Orb.
     0 | D:1      | Reached XP level 1. HP: 13/13 MP: 4/4
   397 | D:1      | Found a faded altar of an unknown god.
   416 | D:1      | Reached XP level 2. HP: 19/19 MP: 3/5
   441 | D:1      | Learned a level 2 spell: Mercury Vapours
   482 | D:1      | Reached skill level 3 in Spellcasting
   632 | D:1      | Reached skill level 3 in Alchemy
  1049 | D:2      | Found Qaedd's Antique Armour Boutique.
  1080 | D:2      | Reached XP level 3. HP: 24/24 MP: 3/7
  1242 | D:2      | Found a broken altar of Ashenzari.
  1256 | D:2      | Became a worshipper of Ashenzari the Shackled
  1734 | D:2      | Bought an embroidered cloak for 120 gold pieces
  1785 | D:3      | Learned a level 3 spell: Mephitic Cloud
  1827 | D:2      | Bought an embroidered robe for 59 gold pieces
  1940 | D:3      | Reached XP level 4. HP: 26/31 MP: 5/8
  1948 | D:3      | Found a stormy altar of Qazlal.
  1953 | D:3      | Found a blossoming altar of Fedhas.
  2081 | D:3      | Found a glowing drain.
  2085 | Sewer    | Entered a sewer
  2102 | Sewer    | Noticed a brain worm
  2137 | Sewer    | Killed a brain worm
  2138 | Sewer    | Reached XP level 5. HP: 30/37 MP: 9/9
  2176 | Sewer    | Noticed a crocodile
  2474 | D:3      | You fall into a shaft and drop 3 floors!
  2493 | D:5      | Entered Level 5 of the Dungeon
  2493 | D:5      | Noticed Sigmund
  2493 | D:5      | Noticed an ice beast
  2537 | D:6      | Reached XP level 6. HP: 44/44 MP: 11/11
  2578 | D:6      | Found a runed translucent door.
  2579 | D:6      | Noticed Crazy Yiuf
  2602 | D:6      | Reached * piety under Ashenzari
  2713 | D:5      | Found a burning altar of Makhleb.
  2713 | D:5      | Found a snail-covered altar of Cheibriados.
  2750 | D:5      | Reached XP level 7. HP: 51/51 MP: 5/13
  2782 | D:5      | Found a bloodstained altar of Trog.
  2980 | D:5      | Learned a level 4 spell: Olgreb's Toxic Radiance
  2985 | D:5      | Learned a level 4 spell: Sticky Flame
  3065 | D:3      | Reached ** piety under Ashenzari
  3393 | D:4      | Identified the +3 leather armour "Dodiupt" {Rampage
                  | *Corrode rElec Dex+3}
  4271 | D:5      | Found Ea-nāṣir's Fine Metal Goods.
  4378 | D:5      | Found a staircase to the Ecumenical Temple.
  4388 | Temple   | Entered the Ecumenical Temple
  4389 | Temple   | Reached *** piety under Ashenzari
  4860 | D:5      | Killed Sigmund
  4861 | D:5      | Reached XP level 8. HP: 60/60 MP: 11/16
  5113 | D:6      | Reached **** piety under Ashenzari
  5274 | D:6      | Killed Crazy Yiuf
  5334 | D:5      | Bought a glowing buckler for 187 gold pieces
  5599 | D:7      | Learned a level 4 spell: Fulminant Prism
  5649 | D:7      | Reached skill level 6 in Alchemy
  5801 | D:7      | Noticed a troll
  6136 | D:7      | Noticed a troll
  6140 | D:7      | Reached XP level 9. HP: 19/68 MP: 9/20
  6143 | D:7      | Killed a troll
  6404 | D:7      | Noticed a two-headed ogre
  6814 | D:8      | Noticed a two-headed ogre
  6828 | D:8      | Killed a two-headed ogre
  6861 | D:8      | Reached skill level 3 in Fighting
  6893 | D:8      | Reached skill level 3 in Dodging
  6893 | D:8      | Reached XP level 10. HP: 76/76 MP: 17/24
  7224 | D:8      | Identified the +1 long sword of Athothero {chaos, *Rage
                  | Will++}
  7593 | D:8      | Reached ***** piety under Ashenzari
  7608 | D:9      | Found a shadowy altar of Dithmenos.
  7608 | D:9      | Noticed Erica
  7620 | D:9      | Killed Erica
  7697 | D:9      | Noticed a two-headed ogre
  7707 | D:9      | Killed a two-headed ogre
  7708 | D:9      | Reached skill level 3 in Short Blades
  7708 | D:9      | Reached skill level 3 in Evocations
  7949 | D:9      | Reached skill level 3 in Stealth
  8033 | D:9      | Reached skill level 3 in Shields
  8248 | D:9      | Reached skill level 3 in Armour
  8619 | D:7      | Learned a level 4 spell: Summon Blazeheart Golem
  8677 | D:7      | Reached XP level 11. HP: 86/86 MP: 21/26
  8693 | D:7      | Noticed Maurice
  8715 | D:7      | Killed Maurice
  8742 | D:7      | HP: 3/86 [barbs]
  8742 | D:7      | Incinerated by a bombardier beetle

Illustrated notes

Levels and vault maps discovered:
D:1:      noname_arrival_rooms_in_the_neighbourhood, layout_loops_ring,
          shapermc_ecumenical_altar_venn
D:2:      minmay_general_purpose_star, layout_rooms, serial_shops,
          nicolae_shop_hallway_stairs, basic_altar
D:3:      layout_basic, grunt_temple_overflow_forces_of_nature,
          elyvilon_altar_3, gup_sewer_entry_spiral
D:4:      layout_layer_cave, minmay_misc_feat_four_crosses
D:5:      layout_rooms, chequers_temple_overflow_statue_of_worship,
          mainiacjoe_overflow_surrounded_room, minmay_temple_entry_butterflies,
          nicolae_ea-nasir_strikes_again, nrook_pool_corridor, uniq_sigmund
D:6:      layout_basic, uniq_crazy_yiuf_cottage
D:7:      minmay_the_grid_octo_tiled_squarecenter [minmay_the_grid_octo_clover,
          minmay_the_grid_octo_checkerflower, minmay_the_grid_octo_clover_2,
          minmay_the_grid_octo_checkered,
          minmay_the_grid_square_5x5_megaprize_checkered,
          minmay_the_grid_square_5x5_spiral,
          minmay_the_grid_square_5x5_pentomino_r,
          minmay_the_grid_square_5x5_fat_x,
          minmay_the_grid_square_5x5_two_small], layout_loops_ring,
          serial_undead, serial_undead_a, serial_undead_a, serial_undead_d,
          serial_undead_f, uniq_maurice
D:8:      layout_basic, nicolae_lava_and_water, minmay_alternating_orb
D:9:      layout_loops_ring, nicolae_dithmenos_shadow_blocks, uniq_erica
Temple:   hellmonk_temple_two_chambers

Skill      XL: |  1  2  3  4  5  6  7  8  9 10 |
---------------+-------------------------------+-----
Conjurations   | 1 2 |  2.4
Spellcasting   | 3 5 7 8 |  8.8
Alchemy        | 3 4 5 6 8 |  8.3
Air Magic      | 1 2 |  2.0
Fighting       | 1 2 3 4 |  4.9
Short Blades   | 2 3 |  3.3
Stealth        | 2 3 |  3.6
Evocations     | 2 3 |  3.2
Dodging        | 2 3 4 |  4.1
Fire Magic     | 2 |  2.1
Shields        | 2 3 |  3.3
Armour         | 3 |  3.2
Summonings     | |  0.8

Action                     |  1- 3 |  4- 6 |  7- 9 | 10-12 || total
---------------------------+-------+-------+-------+-------++-------
  Melee: Unarmed           |     1 |       |       |       ||     1
         Short sword       |    20 |    69 |   127 |    90 ||   306
         Punch             |     1 |       |     1 |       ||     2
   Cast: Sting             |    49 |    50 |   162 |    33 ||   294
         Mercury Vapours   |     2 |     2 |       |       ||     4
         Mephitic Cloud    |       |     8 |     8 |    13 ||    29
         Fulminant Prism   |       |       |    16 |       ||    16
         Olgreb's Toxic Ra |       |       |     3 |    21 ||    24
         Sticky Flame      |       |       |       |    11 ||    11
 Invoke: Curse Item        |       |     2 |     5 |     1 ||     8
  Evoke: Wand              |       |     8 |     3 |     1 ||    12
    Use: Scroll            |     3 |     1 |     1 |     2 ||     7
   Stab: Paralysed         |       |     4 |       |       ||     4
         Confused          |       |     2 |       |     2 ||     4
         Sleeping          |       |       |       |     1 ||     1
 Armour: Robe              |    12 |    44 |    99 |    54 ||   209
  Dodge: Dodged            |    16 |    50 |    85 |    55 ||   206
  Block: Buckler           |       |       |    33 |    23 ||    56
         Reflection        |       |       |     1 |     1 ||     2
